 Dungeon Crawl Stone Soup version 0.18.1-8-gdd0e5ea (webtiles) character file.

196 mistymad the Covered (level 5, -1/33 HPs)
             Began as a Gargoyle Fighter on May 21, 2016.
             Slain by a gnoll
             ... wielding a +0 trident
              (8 damage)
             ... on level 2 of the Dungeon.
             The game lasted 00:02:18 (1220 turns).

mistymad the Covered (Gargoyle Fighter)             Turns: 1220, Time: 00:02:18

Health: -1/33      AC: 11    Str: 19    XL:     5   Next: 74%
Magic:  5/5        EV:  8    Int:  9    God:
Gold:   20         SH:  9    Dex: 10    Spells: 0 memorised, 4 levels left

rFire  . . .     SeeInvis .     a - +0 flail
rCold  . . .     Gourm    .     b - +0 scale mail
rNeg   + . .     Faith    .     c - +0 shield
rPois  ∞         Spirit   .     (no helmet)
rElec  +         Dismiss  .     (no cloak)
rCorr  .         Reflect  .     (no gloves)
SustAt .         Harm     .     (no boots)
MR     .....                    (no amulet)
Stlth  ..........               (no ring)
                                (no ring)

@: not resistant to hostile enchantments, extremely unstealthy
A: negative energy resistance 1, electricity resistance, unbreathing,
petrification resistance, rot immunity, AC +4
a: no special abilities


You were on level 2 of the Dungeon.
You were hungry.

You visited 1 branch of the dungeon, and saw 2 of its levels.

You collected 20 gold pieces.

Inventory:

Hand Weapons
 a - a +0 flail (weapon)
Armour
 b - a +0 scale mail (worn)
 c - a +0 shield (worn)
Jewellery
 j - a cursed -6 ring of strength {unknown}
 l - a +4 ring of strength {unknown}
Scrolls
 h - a scroll of fear {unknown}
 k - 4 scrolls of identify {unknown}
Potions
 d - a potion of might
 e - a potion of brilliance {unknown}
 i - a potion of flight {unknown}
 m - a potion of agility {unknown}
 n - a potion of degeneration {unknown}
Comestibles
 f - 2 bread rations
 g - a slice of pizza
 o - a chunk of flesh


   Skills:
 + Level 4.1 Fighting
 + Level 3.4 Maces & Flails
 + Level 4.1 Armour
 + Level 1.5 Dodging
 + Level 4.1 Shields


You had 4 spell levels left.
You didn't know any spells.

Dungeon Overview and Level Annotations

Branches:
Dungeon (2/15)

Altars:
Kikubaaqudgha


Innate Abilities, Weirdness & Mutations

You are resistant to torment.
Your stone body is resilient (AC +4).
You are immune to poison.
You resist negative energy.
You are resistant to electric shocks.
You can survive without breathing.
You are immune to petrification.
You are immune to rotting.


Message History

You hit the gnoll.
The gnoll is heavily wounded.
The gnoll hits you but does no damage. You block the gnoll's attack.
The gnoll closely misses you. The gnoll barely misses you.
You hit the gnoll.
The gnoll is severely wounded.
The gnoll hits you but does no damage. The gnoll barely misses you.
You hit the gnoll but do no damage.
The gnoll is severely wounded.
You block the gnoll's attack. The gnoll barely misses you.
You sock the gnoll!
You kill the gnoll!
The gnoll closely misses you. You block the gnoll's attack.
Things that are here:
a whip; a spear; a gnoll corpse You sock the gnoll!
The gnoll is heavily wounded.
The gnoll hits you with a trident!
You die...

#.# #.# #... #.# #.#
##.# #.# #.# ##.
#.##############[######
##
#...)))).....#>.........
#
#.##########.#.#########
# ### #.#.# # #)#.# #
#@#.##############
#g#......)/.......
#%################ #.#
#.# #)# #.# ...


You could see a gnoll.

Vanquished Creatures
  2 vampire bats (D:2)
  7 gnolls (D:2)
  2 worms (D:2)
  2 giant geckos
  3 bats
  3 bat skeletons (D:2)
  3 bat zombies (D:2)
  A giant cockroach (D:1)
  A hobgoblin (D:1)
  2 jackals (D:2)
  4 kobolds
  A giant newt (D:1)
  7 goblins
  4 rats (D:1)
42 creatures vanquished.

Notes
Turn   | Place    | Note
--------------------------------------------------------------
     0 | D:1      | mistymad the Gargoyle Fighter began the quest for the Orb.
     0 | D:1      | Reached XP level 1. HP: 14/14 MP: 1/1
   172 | D:1      | Reached XP level 2. HP: 19/19 MP: 2/2
   678 | D:2      | Reached XP level 3. HP: 17/23 MP: 3/3
   848 | D:2      | Found an ancient bone altar of Kikubaaqudgha.
   868 | D:2      | Reached skill level 1 in Dodging
   868 | D:2      | Reached XP level 4. HP: 22/29 MP: 4/4
   921 | D:2      | Reached XP level 5. HP: 25/33 MP: 5/5
  1220 | D:2      | Slain by a gnoll

Skill      XL: |  1  2  3  4  5 |
---------------+----------------+-----
Armour         | 4 |  4.1
Dodging        | 1 |  1.5
Shields        | 4 |  4.1
Maces & Flails | 3 |  3.4
Fighting       | 4 |  4.1

Action                   |  1- 3 |  4- 6 || total
-------------------------+-------+-------++-------
Melee: Flail             |   123 |    73 ||   196
  Eat: Chunk             |       |     1 ||     1
Armor: Scale mail        |   115 |    54 ||   169
Dodge: Dodged            |    64 |    24 ||    88
Block: Shield            |   110 |    34 ||   144
